 Dungeon Crawl Stone Soup version 0.18.1-50-g88ac8fd (webtiles) character file.

68 Amnesiac the Cutter (level 4, -5/35 HPs)
             Began as a Merfolk Fighter on Mar 7, 2018.
             Killed by nerve-wracking pain
             ... invoked by an orc priest
              (6 damage)
             ... on level 4 of the Dungeon.
             The game lasted 00:02:46 (1046 turns).

Amnesiac the Cutter (Merfolk Fighter)               Turns: 1046, Time: 00:02:47

Health: -5/35      AC:  6    Str: 22    XL:     4   Next: 19%
Magic:  4/4        EV:  7    Int:  7    God:
Gold:   85         SH:  9    Dex: 13    Spells: 0 memorised, 3 levels left

rFire  . . .     SeeInvis .     a - +0 rapier
rCold  . . .     Gourm    .     b - +0 scale mail
rNeg   . . .     Faith    .     c - +0 shield
rPois  .         Spirit   .     (no helmet)
rElec  .         Dismiss  .     (no cloak)
rCorr  .         Reflect  .     (no gloves)
SustAt .         Harm     .     (no boots)
MR     .....                    (no amulet)
Stlth  ..........               (no ring)
                                (no ring)

@: mighty, very slightly contaminated, hasted, very quick, not resistant to
hostile enchantments, extremely unstealthy
A: change form in water, swift swim
a: no special abilities


You were on level 4 of the Dungeon.
You were hungry.

You visited 1 branch of the dungeon, and saw 4 of its levels.

You collected 85 gold pieces.

Inventory:

Hand Weapons
 a - a +0 rapier (weapon)
Missiles
 n - 5 curare-tipped needles
 o - a throwing net (quivered)
Armour
 b - a +0 scale mail (worn)
 c - a +0 shield (worn)
Scrolls
 e - a scroll of random uselessness {!r, unknown}
 h - 2 scrolls of remove curse {!r, unknown}
 k - a scroll of magic mapping {!r, unknown}
 l - a scroll of enchant armour {!r, unknown}
 m - a scroll of teleportation {!r, unknown}
 q - a scroll of identify {!r, unknown}
 s - a scroll of noise {!r, unknown}
Potions
 g - a potion of brilliance {!q, unknown}
 i - a potion of haste {!q}
 r - a potion of curing {!q, unknown}
Comestibles
 f - a bread ration
 j - 2 beef jerkies
 p - a meat ration


   Skills:
 - Level 3.2 Fighting
 + Level 5.2 Short Blades
 - Level 2.1 Armour
 - Level 3.0 Shields


You had 3 spell levels left.
You didn't know any spells.

Dungeon Overview and Level Annotations

Branches:
Dungeon (4/15)
 Temple: D:4-7

Altars:

Annotations:
D:2 Terence
D:4 2 exclusions


Message History

You puncture the adder skeleton!
You destroy the adder skeleton!
You hit the orc.
The orc is lightly wounded.
You closely miss the orc. You hit the orc.
The orc is almost dead.
You block the orc's attack.
You barely miss the orc.
The orc is almost dead.
The orc hits you but does no damage.
You hit the orc.
You kill the orc!
You hit the orc priest.
The orc priest is lightly wounded.
The orc priest hits you but does no damage.
You completely miss the orc priest.
The orc priest is lightly wounded.
The orc priest hits you.
You hit the orc priest but do no damage.
The orc priest is lightly wounded.
The orc priest hits you but does no damage.
Your shield and scale mail prevent you from hitting the orc priest.
The orc priest is lightly wounded.
The orc priest hits you.
You hit the orc priest but do no damage.
The orc priest is lightly wounded.
The orc priest hits you but does no damage.
You closely miss the orc priest.
The orc priest is lightly wounded.
The orc priest barely misses you.
You hit the orc priest but do no damage.
The orc priest is lightly wounded.
The orc priest invokes the aid of Beogh against you.
Pain shoots through your body!
* * * LOW HITPOINT WARNING * * *
You hit the orc priest.
The orc priest is lightly wounded.
The orc priest completely misses you.
You puncture the orc priest!
The orc priest is heavily wounded.
The orc priest invokes the aid of Beogh against you.
Beogh smites you!
* * * LOW HITPOINT WARNING * * *
Drink which item? (? for menu, Esc to quit)
Really quaff
i - 2 cyan potions {!q}?
It was a potion of haste {!q}.
You feel yourself speed up. The orc priest hits you.
* * * LOW HITPOINT WARNING * * *
You are very lightly contaminated with residual magic.
Drink which item? (? for menu, Esc to quit)
Really quaff
d - a potion of might {!q}?
You feel very mighty all of a sudden. The orc priest closely misses you.
You barely miss the orc priest.
The orc priest is heavily wounded.
The orc priest hits you but does no damage.
You hit the orc priest.
The orc priest is almost dead.
You closely miss the orc priest.
The orc priest is almost dead.
The orc priest calls down the wrath of Beogh upon you.
Pain shoots through your body!
You die...

#.. .. .## #...# .. . .>#
#...# ##.. .. ..#
#...###... ... .. #...#....
o... #.##......# ...?.
#..#.....#####o....#
#.#....@#......#
#####......#o.o.%...#
#......###...........#
#......# #...........#
###.##......# #...........#
........##..# #...........#
.##.###.##..###.......>...#
. #......................##
..##..##........#....!...


You could see an orc priest and an orc.

Vanquished Creatures
  3 adders
  2 adder skeletons (D:4)
  2 worms
  A dart slug (D:2)
  2 giant geckos
  An orc (D:4)
  A ball python (D:3)
  2 giant cockroaches
  4 goblins
  3 hobgoblins
  A bat (D:2)
  A giant gecko skeleton (D:4)
  3 giant newts (D:1)
26 creatures vanquished.

Notes
Turn   | Place    | Note
--------------------------------------------------------------
     0 | D:1      | Amnesiac the Merfolk Fighter began the quest for the Orb.
     0 | D:1      | Reached XP level 1. HP: 18/18 MP: 1/1
    40 | D:2      | Reached skill level 3 in Short Blades
   101 | D:1      | Reached XP level 2. HP: 20/24 MP: 2/2
   185 | D:2      | Reached skill level 4 in Short Blades
   186 | D:2      | Reached XP level 3. HP: 23/29 MP: 3/3
   551 | D:3      | Noticed an ice beast
   711 | D:3      | Reached skill level 5 in Short Blades
   721 | D:2      | Noticed Terence
   746 | D:3      | Reached XP level 4. HP: 20/35 MP: 4/4
  1042 | D:4      | HP: 1/35 [orc priest (2)]
  1046 | D:4      | Killed from afar by an orc priest

Skill      XL: |  1  2  3 |
---------------+----------+-----
Short Blades   | 3 4 5 |  5.2
Fighting       | |  3.2
Armour         | |  2.1
Shields        | |  3.0

Action                   |  1- 3 |  4- 6 || total
-------------------------+-------+-------++-------
Melee: Rapier            |   113 |    30 ||   143
  Use: Potion            |       |     2 ||     2
Armor: Scale mail        |    46 |     8 ||    54
Dodge: Dodged            |    26 |     4 ||    30
Block: Shield            |    43 |     3 ||    46
